 Dungeon Crawl Stone Soup version 0.29-a0-22-gbf593b16ee (webtiles) character file.

Game seed: 1255276533282264060

20 innerfire433 the Poker (level 2, -1/21 HPs)
             Began as a Demonspawn Wanderer on Jan 29, 2022.
             Was a Follower of Trog.
             Succumbed to an adder's poison
             ... on level 3 of the Dungeon.
             The game lasted 00:01:10 (1076 turns).

innerfire433 the Poker (Demonspawn Wanderer)        Turns: 1076, Time: 00:01:11

Health: -1/21      AC:  2    Str: 11    XL:     2   Next: 58%
Magic:  3/3        EV: 26    Int: 15    God:    Trog [*.....]
Gold:   40         SH:  0    Dex: 13    Spells: 2/3 levels left

rFire   . . .      SeeInvis .   a - +2 spear
rCold   . . .      Faith    .   (no shield)
rNeg    . . .      Spirit   .   c - +0 robe
rPois   .          Reflect  .   (no helmet)
rElec   .          Harm     .   (no cloak)
rCorr   .          Rampage  .   (no gloves)
Will    .....                   (no boots)
Stlth   ++........              d - amulet of the acrobat
HPRegen 0.07/turn               (no ring)
MPRegen 0.08/turn               (no ring)

@: lethally poisoned (-1 -> -11), acrobatic
A: thin skeletal structure 1
a: Renounce Religion, Berserk


You were on level 3 of the Dungeon.
You worshipped Trog.
Trog was aware of your devotion.
You visited 1 branch of the dungeon, and saw 3 of its levels.

You collected 40 gold pieces.

Inventory:

Hand Weapons
 a - a +2 spear (weapon)
Armour
 c - a +0 robe (worn)
Jewellery
 d - an amulet of the acrobat (around neck)
Wands
 b - a wand of flame (3)
Scrolls
 e - a scroll of fog {unknown}
 f - a scroll of vulnerability {unknown}
 g - 3 scrolls of teleportation {unknown}


   Skills:
 + Level 1.3 Fighting
 + Level 2.9 Polearms
 + Level 1.2 Armour
 - Level 1.1 Spellcasting
 - Level 2.3 Necromancy
 + Level 1.8 Invocations
 + Level 1.3 Evocations


You had 2 spell levels left.
You knew the following spells:

 Your Spells              Type           Power      Damage    Failure   Level
a - Pain                  Necr           28%        1d5       10%         1

Your spell library contained the following spells:

 Spells                   Type           Power      Damage    Failure   Level
 Vampiric Draining        Necr           7%         2d6       28%         3


Dungeon Overview and Level Annotations

Branches:
Dungeon (2/15)

Altars:
Trog


Innate Abilities, Weirdness & Mutations

You have a somewhat thin skeletal structure. (Dex +2, Stealth+)


Message History

A sourceless malevolence fills the Dungeon...
You fall into a shaft and drop 1 floor!
The shaft crumbles and collapses.
No target in view!
No target in view!
You open the door.
An adder comes into view.
There is an open door here.
The adder hisses angrily.
The adder closely misses you.
You hit the adder.
The adder is moderately wounded.
The adder barely misses you.
You barely miss the adder. Your punch misses the adder.
The adder is moderately wounded.
The adder barely misses you.
You hit the adder.
The adder is heavily wounded.
The adder bites you.
You are poisoned.
The adder poisons you!
You barely miss the adder.
The adder is heavily wounded.
You feel sick. The adder bites you.
You are lethally poisoned!
The adder poisons you! The adder bites you.
You are more poisoned.
The adder poisons you!
You puncture the adder!
You kill the adder!
Trog accepts your kill.
* * * LOW HITPOINT WARNING * * *
You feel very sick.
* * * LOW HITPOINT WARNING * * *
You feel very sick.
You see here an adder corpse.
You aren't carrying any potions.
* * * LOW HITPOINT WARNING * * *
You feel sick.
You die...

##+## ##...##
##.....##
##.......##
#.........####.
+..............
#......†.......
##....@..#.###.
##.....##
##...## ##'##
#.# #.#
####.######
#.........#
#......##.#


There were no monsters in sight!

Vanquished Creatures
  An adder (D:3)
  2 ball pythons (D:1)
  2 endoplasms (D:1)
  A giant cockroach (D:1)
  2 hobgoblins (D:1)
  A frilled lizard (D:1)
  2 rats (D:1)
11 creatures vanquished.

Notes
Turn   | Place    | Note
-------+----------+-------------------------------------------
     0 | D:1      | innerfire433 the Demonspawn Wanderer began the quest for
                  | the Orb.
     0 | D:1      | innerfire433 set off with the following items: a +2 spear,
                  | a wand of flame (3), a +0 robe; and the following spell
                  | memorised: Pain; and the following spells available to
                  | memorise: Vampiric Draining
     0 | D:1      | Reached XP level 1. HP: 15/15 MP: 2/2
   445 | D:1      | Found a faded altar of an unknown god.
   482 | D:1      | Prayed at the altar of an unknown god.
   482 | D:1      | Became a worshipper of Trog the Wrathful
   482 | D:1      | Reached * piety under Trog
   869 | D:1      | Gained mutation: You have a somewhat thin skeletal
                  | structure. (Dex +2, Stealth+) [demonic ancestry]
   869 | D:1      | Reached XP level 2. HP: 21/21 MP: 3/3
  1057 | D:2      | You fall into a shaft and drop 1 floor!
  1075 | D:3      | HP: 1/21 [poisoned by an adder]
  1076 | D:3      | Succumbed to an adder's poison

Illustrated notes

Levels and vault maps discovered:
D:1:      sevenhm_arrival_forest_fort_large_3, layout_loops_corners,
          ebering_ecumenical_altar_ruins
D:2:      layout_rooms, uniq_jessica
D:3:      layout_loops_corners, roderic_serpentine_path,
          hangedman_abyss_or_decor_stabs

Action                   || total
-------------------------++-------
Melee: Spear             ||    27
 Stab: Sleeping          ||     1
Dodge: Dodged            ||    11

Table legend: (Time is in decaauts)
 A = Elapsed time spent in this place.
 B = Non-inter-level travel time spent in this place.
 C = Inter-level travel time spent in this place.
 D = Time resting spent in this place.
 E = Time spent auto-exploring this place.
 F = Levels seen in this place.
 G = Mean time per level.
                   A        B        C        D        E       F      G
               +--------+--------+--------+--------+--------+-----+--------+
         Total |   1074 |   1005 |     69 |      0 |    904 |   3 |  358.0 |
       Dungeon |   1074 |   1005 |     69 |      0 |    904 |   3 |  358.0 |
               +--------+--------+--------+--------+--------+-----+--------+

Top non-repeatable levels by time:
     D:1: 1056 daAuts
     D:3: 18 daAuts
